 Dungeon Sprint DCSS version 0.30-a0-772-g5528072125 (webtiles) character file.

Game seed: 3731025244722468978

37 rocky1 the Cudgeller (level 3, 0/42 HPs)
             Began as an Ogre Gladiator on Feb 13, 2023.
             Slain by a hound (5 damage)
             ... in the Dungeon (Sprint IX: "|||||||||||||||||||||||||||||").
             The game lasted 00:00:39 (52 turns).

rocky1 the Cudgeller (Ogre Gladiator)                 Turns: 52, Time: 00:00:40

Health: 0/42       AC: -9    Str: 20    XL:     3   Next: 41%
Magic:  3/3        EV: 10    Int:  9    God:
Gold:   0          SH:  0    Dex: 10    Spells: 2/2 levels left

rFire   . . .      SeeInvis .    a - +0 flail
rCold   . . .      Faith    .    (no shield)
rNeg    . . .      Spirit   .    b - +0 robe
rPois   .          Reflect  .    c - +0 hat
rElec   .          Harm     .    (no cloak)
rCorr   .          Rampage  .    (gloves unavailable)
Will    .....      NoTele   +    (boots unavailable)
Stlth   +                        (no amulet)
HPRegen 0.27/turn                (no ring)
MPRegen 0.08/turn                (no ring)

@: corroded
A: large, unfitting armour, tough skin 1
a: no special abilities


You were in the Dungeon.
You visited 1 branch

Inventory:

Hand Weapons
 a - a +0 flail (weapon)
Armour
 b - a +0 robe (worn)
 c - a +0 hat (worn)
Scrolls
 k - a scroll of blinking
Potions
 h - a potion of haste
 i - 2 potions of magic
 j - a potion of berserk rage


   Skills:
 + Level 5.5 Fighting
 * Level 5.5 Maces & Flails
 - Level 2.0 Throwing
 - Level 2.6 Dodging


You had 2 spell levels left.
You didn't know any spells.
Your spell library was empty.

Dungeon Overview and Level Annotations

Branches:
Dungeon (1/1)

Altars:


Innate Abilities, Weirdness & Mutations

You are too large for most types of armour.
You have tough skin. (AC +1)


Message History

You have reached level 3!
Your experience leads to an increase in your attributes!
Increase (S)trength, (I)ntelligence, or (D)exterity?
You feel stronger. x3
Unknown command.
You feel much better. The worm bites you!
Unknown command.
Throw: throwing net
Press: ? - help, Q - select action, (/) - cycle Shift-Dir - straight line, f - worm
Aim: a worm (78% to hit)
You throw a throwing net.
The throwing net barely misses the worm.
The throwing net misses the hound.
The throwing net hits the ogre.
The ogre is caught in the net!
The ogre struggles against the net.
Throw: large rock
Press: ? - help, Q - select action Shift-Dir - straight line, f/p - worm
Aim: a worm (78% to hit)
You throw a large rock. The large rock hits the worm!!
You kill the worm!
The hound barely misses you.
The ogre struggles against the net.
The hound barely misses you.
The ogre struggles against the net.
You miss the hound. The hound barely misses you. The hound bites you.
The ogre struggles against the net.
You closely miss the hound. The hound bites you.
* * * LOW HITPOINT WARNING * * *
The ogre struggles against the net.
The net rips apart, and the ogre comes free!
The hound bites you.
* * * LOW HITPOINT WARNING * * *
You closely miss the hound. The hound barely misses you.
Unknown command.
Okay, then.
You feel better. The hound bites you.
* * * LOW HITPOINT WARNING * * *
The hound bites you.
* * * LOW HITPOINT WARNING * * *
Unknown command.
You hit the hound but do no damage. The hound bites you.
You die... ▓▓▓▓▓▓▓▓▓▓▓▓▓▓▓▓▓▓ ▓<...†.....@hOo..+ ▓▓▓▓▓▓▓▓▓▓▓▓▓▓▓▓▓▓

You could see an ogre, a hound and an orc.

Vanquished Creatures
  A jelly (D)
  A worm (D)
  An endoplasm (D)
  2 giant cockroaches (D)
  A hobgoblin (D)
  A ball python (D)
7 creatures vanquished.

Notes
Turn   | Place    | Note
-------+----------+-------------------------------------------
     0 | D        | rocky1 the Ogre Gladiator began the quest for the Orb.
     0 | D        | Reached XP level 1. HP: 22/22 MP: 1/1
    36 | D        | Noticed a jelly
    36 | D        | Noticed a hound
    36 | D        | Noticed an ogre
    42 | D        | HP: 1/24 [acid (7)]
    44 | D        | Killed a jelly
    45 | D        | Reached skill level 5 in Fighting
    45 | D        | Reached skill level 5 in Maces & Flails
    45 | D        | Reached XP level 2. HP: 2/35 MP: 2/2
    45 | D        | Reached XP level 3. HP: 2/42 MP: 3/3
    52 | D        | Slain by a hound

Illustrated notes

Levels and vault maps discovered:
D:        linesprint [early_d, line_temple, items_1, d_10, items_2, lair_1,
          lair_end, items_3, orc_1, orc_end, items_4, d_15, swamp_1, shoals_1,
          snake_1, spider_1, d_20, vaults_1, items_5, swamp_end, shoals_end,
          snake_end, spider_end, vaults_end, d_27, items_6, zot_1, zot_end,
          crypt_end, forest_end, elf_end, slime_end, tomb_end, abyss_end,
          pan_hell_end]

Skill      XL: |  1 |
---------------+----+-----
Fighting       | 5 |  5.5
Maces & Flails | 5 |  5.5
Throwing       | |  2.0
Dodging        | |  2.6

Action                     || total
---------------------------++-------
  Melee: Flail             ||    22
  Throw: Throwing net      ||     3
         Large rock        ||     1
    Use: Potion            ||     2
 Armour: Robe              ||     3
  Dodge: Dodged            ||    15

Table legend: (Time is in decaauts)
 A = Elapsed time spent in this place.
 B = Non-inter-level travel time spent in this place.
 C = Inter-level travel time spent in this place.
 D = Time resting spent in this place.
 E = Time spent auto-exploring this place.
 F = Levels seen in this place.
 G = Mean time per level.
                   A        B        C        D        E       F      G
               +--------+--------+--------+--------+--------+-----+--------+
         Total |     57 |     57 |      0 |     13 |      0 |   1 |   57.0 |
       Dungeon |     57 |     57 |      0 |     13 |      0 |   1 |   57.0 |
               +--------+--------+--------+--------+--------+-----+--------+

Top non-repeatable levels by time:
       D: 57 daAuts
